 Dungeon Sprint DCSS version 0.24-a0-459-g225fefd530 (webtiles) character file.

Game seed: 2279476250320722556

14508 Arthanis the Scorcher (level 11, -50/54 HPs)
             Began as a Deep Elf Fire Elementalist on June 28, 2019.
             Was the Champion of Vehumet.
             Killed from afar by a lich (54 damage)
             ... with a bolt of fire
             ... in the Dungeon (Sprint V: "Ziggurat Sprint").
             The game lasted 00:10:33 (668 turns).

Arthanis the Scorcher (Deep Elf Fire Elementalist)   Turns: 668, Time: 00:10:34

Health: -50/54     AC:  2    Str: 10    XL:     11   Next: 89%
Magic:  40/47      EV: 10    Int: 36    God:    Vehumet [******]
Gold:   0          SH: 26    Dex: 15    Spells: 29/40 levels left

rFire    . . .     SeeInvis .   L - staff of power
rCold    . . .     Gourm    +   M - +18 shield of the Gong {rElec rN+ MR+ EV-5}
rNeg     + . .     Faith    .   G - +1 leather armour {MR+}
rPois    +         Spirit   .   F - -6 helmet "Jodimy" {*Slow rElec Str+5 Stlth+}
rElec    +         Reflect  .   R - +2 cloak {rPois}
rCorr    .         Harm     .   (no gloves)
MR       +++..     NoTele   +   (no boots)
Stlth    +++.......             V - amulet of the gourmand (curse)
HPRegen  0.18/turn              D - +6 ring of intelligence
MPRegen  0.30/turn              E - +6 ring of intelligence

@: studying Unarmed Combat
A: no striking features
a: Renounce Religion


You were in the Dungeon.
You worshipped Vehumet.
Vehumet was exalted by your worship.
You were not hungry.

You visited 1 branch

Inventory:

Hand Weapons
 j - the +5 rapier of Wu Jian's Whim {pierce, *Rage rPois Str+7}
   (You found it in the Dungeon)

   It inflicts extra damage upon your enemies.
   It affects your strength (+7).
   It protects you from poison.
   It may make you go berserk in combat.
 l - the +7 Singing Sword {slice, sonic wave}
   (You found it in the Dungeon)

   It inflicts extra damage upon your enemies.
 I - the +7 great mace "Firestarter" {inner flame, rF++}
   (You found it in the Dungeon)

   It has been specially enchanted to burn those struck by it, causing extra
   injury to most foes and up to half again as much damage against particularly
   susceptible opponents.
   It greatly protects you from fire.
 J - the +8 lance "Wyrmbane" {slay drac, rPois rF+ rC+ AC+3}
   (You found it in the Dungeon)

   It affects your AC (+3).
   It protects you from fire.
   It protects you from cold.
   It protects you from poison.
 K - the +6 Majin-Bo {vamp, Archmagi MP+6 Int+6}
   (You found it in the Dungeon)

   It inflicts no extra harm, but heals its wielder when it wounds a living foe.
   It affects your intelligence (+6).
   It affects your magic capacity (+6).
 S - the +8 trident of the Puffin {flame, rElec rPois}
   (You found it in the Dungeon)

   It has been specially enchanted to burn those struck by it, causing extra
   injury to most foes and up to half again as much damage against particularly
   susceptible opponents.
   It insulates you from electricity.
   It protects you from poison.
 Z - the +1 quick blade "Yddol" {drain, -Tele rC++ Int+9}
   (You took it off a spriggan in the Dungeon)

   A truly terrible weapon, it drains the life of those it strikes.
   It affects your intelligence (+9).
   It greatly protects you from cold.
   It prevents most forms of teleportation.
Armour
 u - a +3 buckler
 F - the -6 helmet "Jodimy" (worn) {*Slow rElec Str+5 Stlth+}
   (You acquired it in the Dungeon)

   It affects your strength (+5).
   It insulates you from electricity.
   It may slow you when you take damage.
   It makes you more stealthy.
 G - a +1 leather armour of magic resistance (worn)
 M - the +18 shield of the Gong (worn) {rElec rN+ MR+ EV-5}
   (You found it in the Dungeon)

   It affects your evasion (-5).
   It insulates you from electricity.
   It protects you from negative energy.
   It affects your resistance to hostile enchantments.
 R - a +2 cloak of poison resistance (worn)
Magical Staves
 y - an uncursed staff of energy
 L - an uncursed staff of power (weapon)
 N - a cursed staff of air
Jewellery
 x - the ring of the Lobster {rElec rF+}
   (You found it in the Dungeon)

   [ring of protection from fire]

   It protects you from fire.
   It insulates you from electricity.
 A - an uncursed ring of flight
 D - a +6 ring of intelligence (left hand)
 E - a +6 ring of intelligence (right hand)
 O - a +5 ring of evasion
 V - a cursed amulet of the gourmand (around neck)
 W - an uncursed ring of fire
 X - an uncursed ring of ice
Wands
 v - a wand of disintegration (7)
Scrolls
 i - 4 scrolls of blinking
 o - 4 scrolls of amnesia
 p - 7 scrolls of fog
 q - a scroll of holy word
 r - 4 scrolls of identify
 s - 5 scrolls of remove curse
 t - 2 scrolls of fear
 T - 4 scrolls of enchant weapon
Potions
 b - 2 potions of brilliance
 d - 7 potions of curing
 e - 9 potions of heal wounds
 f - 5 potions of haste
 g - 7 potions of magic
 h - 3 potions of berserk rage
 k - 4 potions of resistance
 m - 2 potions of agility
 n - 3 potions of might
Books
 w - a manual of Unarmed Combat
Miscellaneous
 a - a lamp of fire
 z - a crystal ball of energy
 B - a sack of spiders
 H - a lightning rod (4/4)
 P - 2 boxes of beasts
 Q - a lightning rod (4/4)
 U - a lamp of fire
Comestibles
 c - 7 rations


   Skills:
 - Level 2.3 Armour
 + Level 9.7 Dodging
 - Level 2.4 Stealth
 + Level 3.1 Shields
 + Level 15.2 Spellcasting
 * Level 17.6 Conjurations
 * Level 17.8 Fire Magic
 - Level 12.0 Evocations


You had 29 spell levels left.
You knew the following spells:

 Your Spells              Type           Power        Failure   Level  Hunger
a - Flame Tongue          Conj/Fire      #####        0%          1    None
b - Fireball              Conj/Fire      ########..   1%          5    None
c - Bolt of Magma         Conj/Fire/Erth #######...   1%          5    None

Your spell library contained the following spells:

 Spells                   Type           Power        Failure   Level  Hunger
 Ignite Poison            Fire/Tmut/Pois ######..     1%          3    None
 Throw Flame              Conj/Fire      ######       0%          2    None
 Conjure Flame            Conj/Fire      ########     0%          3    None
 Inner Flame              Hex/Fire       #######.     1%          3    None
 Stone Arrow              Conj/Erth      ######       1%          3    None
 Sticky Flame             Conj/Fire      ########     1%          4    None
 Sandblast                Erth           ####..       2%          1    None
 Apportation              Tloc           ####..       9%          1    None
 Summon Butterflies       Summ           ####....     9%          1    None
 Iron Shot                Conj/Erth      ######....   10%         6    #......
 Passwall                 Tmut/Erth      ####....     13%         2    None
 Lesser Beckoning         Tloc           ####......   26%         3    None
 Recall                   Summ/Tloc      N/A          26%         3    None
 Tukima's Dance           Hex            ####....     26%         3    None
 Lee's Rapid Deconstruct  Erth           ####......   50%         5    None
 Animate Dead             Necr           N/A          63%         4    None
 Leda's Liquefaction      Hex/Erth       ####......   63%         4    None
 Petrify                  Tmut/Erth      ####....     63%         4    None
 Alistair's Intoxication  Tmut/Pois      ####....     93%         5    None
 Aura of Abjuration       Summ           ####......   93%         5    None
 Borgnjor's Vile Clutch   Necr/Erth      ####......   93%         5    None
 Summon Demon             Summ           ####......   93%         5    None
 Summon Forest            Summ/Tloc      ####......   93%         5    None
 Summon Mana Viper        Hex/Summ       ####....     93%         5    None
 Death Channel            Necr           ####......   100%        6    #......
 Invisibility             Hex            ####....     100%        6    #......
 Shadow Creatures         Summ           N/A          100%        6    #......
 Simulacrum               Ice/Necr       ####......   100%        6    #......
 Statue Form              Tmut/Erth      ####.....    100%        6    #......
 Shatter                  Erth           ####......   100%        9    #######


Dungeon Overview and Level Annotations

Branches:
Dungeon (1/1)

Altars:
Ashenzari
Cheibriados
Dithmenos
Elyvilon
Fedhas
Gozag
Hepliaklqana
Kikubaaqudgha
Makhleb
Nemelex Xobeh
Okawaru
Qazlal
Ru
Sif Muna
Trog
Uskayaw
Vehumet
Wu Jian
Xom
Yredelemnul
Zin
The Shining One
Beogh
Jiyva
Lugonu


Message History

Confirm with . or Enter, or press ? or * to list all spells.
Aiming: Fireball (safe; 1% risk of failure)
Press: ? - help, Shift-Dir - straight line, f - vault guard
Aim: a vault guard, wielding a +3 great mace and wearing a +3 scale mail of cold resistance (severely wounded)
The fireball explodes!
The fireball engulfs the vault guard!!
The vault guard is heavily wounded.
The fireball engulfs the vault guard!!
The vault guard is almost dead.
The fireball engulfs the vault guard!!!
You kill the vault guard!
Vehumet accepts your kill.
You feel your power returning.
Your Shields skill increases to level 3!
The fireball engulfs the stone giant!
The stone giant is heavily wounded.
You hear some strange, mumbled words.
A bolt of fire appears from out of thin air!
The bolt of fire hits you!!!
Ouch! That really hurt!
You die...

▓..).=|...▓
▓...[|=:..▓...[})...▓
▓..)p.....▓.........▓
▓....))C..▓.........▓
▓....pp...▓.....)...▓
▓.........▓...))....▓
▓.........▓.▓..÷÷.▓.▓
▓.........▓....©†...▓
▓....@....▓▓▓▓▓▓▓▓▓▓▓
▓▓▓▓▓▓▓▓▓▓▓


You could see a stone giant and 3 vault guards.

Vanquished Creatures
  A lich (D)
  3 vault guards (D)
  A dancing weapon (D)
  2 deep elf knights (D)
  A sixfirhy (D)
  A black mamba (D)
  A naga mage (D)
  A yaktaur (D)
  6 merfolk (D)
  7 hornets (D)
  A slime creature (D)
  13 spriggans (D)
  A chaos spawn (D)
  2 water moccasins (D)
  3 black bears (D)
  7 wolves (D)
  2 crimson imps (D)
  4 jellies (D)
  A quasit (D)
  An iron imp (D)
  2 adders (D)
  A shadow imp (D)
  3 ball pythons (D)
65 creatures vanquished.

Vanquished Creatures (others)
  A dancing weapon (D)
1 creature vanquished.

Grand Total: 66 creatures vanquished

Notes
Turn   | Place    | Note
-------+----------+-------------------------------------------
     0 | D        | Found the +6 Majin-Bo {vamp, Archmagi MP+6 Int+6}
     0 | D        | Found the +7 great mace "Firestarter" {inner flame, rF++}
     0 | D        | Arthanis the Deep Elf Fire Elementalist began the quest for
                  | the Orb.
     0 | D        | Reached XP level 1. HP: 10/10 MP: 6/6
     0 | D        | Found a deep blue altar of Sif Muna.
     0 | D        | Found a sacrificial altar of Ru.
     0 | D        | Found a bloodstained altar of Trog.
     0 | D        | Found a stormy altar of Qazlal.
     0 | D        | Found an iron altar of Okawaru.
     0 | D        | Found a sparkling altar of Nemelex Xobeh.
     0 | D        | Found a blossoming altar of Fedhas.
     2 | D        | Found a transporter.
     2 | D        | Found an ancient bone altar of Kikubaaqudgha.
     2 | D        | Found a viscous altar of Jiyva.
     2 | D        | Found a corrupted altar of Lugonu.
     2 | D        | Found a hazy altar of Hepliaklqana.
     2 | D        | Found a burning altar of Makhleb.
     2 | D        | Found an opulent altar of Gozag.
    40 | D        | Became a worshipper of Vehumet
    41 | D        | Reached skill level 5 in Spellcasting
    41 | D        | Reached skill level 5 in Conjurations
    41 | D        | Reached XP level 2. HP: 15/15 MP: 7/10
    52 | D        | Found the +6 shillelagh "Devastator" {shatter}
    52 | D        | Found the +11 plutonium sword {*Contam Stlth-}
    52 | D        | Found the +8 lance "Wyrmbane" {slay drac, rPois rF+ rC+
                  | AC+3}
    52 | D        | Found the +9 sword of Zonguldrok {reap}
    52 | D        | Found the cursed +13 scythe of Curses {drain, *Curse}
    52 | D        | Found the +0 sword of Power
    52 | D        | Found the +7 mace of Variability {chain chaos}
    52 | D        | Found the +7 Singing Sword {slice, sonic wave}
    52 | D        | Found the +8 storm bow {elec, penet}
    54 | D        | Found the +9 heavy crossbow "Sniper" {velocity, Acc+∞ SInv}
    54 | D        | Found the +10 dark maul {crush}
    54 | D        | Found the +15 Maxwell's patent armour {-Cast -Tele rElec
                  | MR+ rCorr}
    54 | D        | Found the +18 shield of the Gong {rElec rN+ MR+ EV-5}
    54 | D        | Found the cursed +14 obsidian axe {chop, +Fly SInv *Curse}
    80 | D        | Entered arena 2.
    80 | D        | Noticed a merfolk
    80 | D        | Noticed a merfolk
    80 | D        | Found a transporter.
    85 | D        | Killed a merfolk
    85 | D        | Reached XP level 3. HP: 4/19 MP: 10/13
    85 | D        | Reached XP level 4. HP: 5/24 MP: 11/15
    85 | D        | Reached XP level 5. HP: 6/28 MP: 11/16
    90 | D        | Killed a merfolk
    90 | D        | Reached skill level 10 in Fire Magic
    90 | D        | Reached skill level 5 in Evocations
    90 | D        | Reached XP level 6. HP: 8/32 MP: 12/19
    96 | D        | Entered arena 3.
    96 | D        | Noticed a water moccasin
    96 | D        | Found a transporter.
    99 | D        | Reached * piety under Vehumet
    99 | D        | Offered knowledge of Freeze by Vehumet.
   102 | D        | Killed a water moccasin
   102 | D        | Reached skill level 10 in Conjurations
   102 | D        | Reached XP level 7. HP: 4/36 MP: 15/21
   117 | D        | Entered arena 4.
   117 | D        | Noticed a deep elf knight
   117 | D        | Noticed a +3 glaive of chopping
   117 | D        | Noticed a +3 trident of flaming
   117 | D        | Noticed a deep elf knight
   117 | D        | Found a transporter.
   119 | D        | Killed a +3 trident of flaming
   124 | D        | Killed a deep elf knight
   124 | D        | Reached ** piety under Vehumet
   124 | D        | Reached skill level 10 in Spellcasting
   124 | D        | Reached XP level 8. HP: 39/41 MP: 20/24
   126 | D        | Killed a deep elf knight
   128 | D        | Killed a +3 glaive of chopping
   128 | D        | Reached XP level 9. HP: 44/45 MP: 20/26
   143 | D        | Got the +5 rapier of Wu Jian's Whim {pierce, *Rage rPois
                  | Str+7}
   145 | D        | Entered arena 5.
   145 | D        | Noticed a merfolk
   145 | D        | Noticed a merfolk
   145 | D        | Noticed a merfolk
   145 | D        | Noticed a merfolk
   145 | D        | Found a transporter.
   146 | D        | Identified the ring "Deor" {rPois rC- rCorr Int+9 Dex-4}
   150 | D        | Killed a merfolk
   151 | D        | Killed a merfolk
   151 | D        | Reached *** piety under Vehumet
   154 | D        | Killed a merfolk
   157 | D        | Killed a merfolk
   163 | D        | Entered arena 6.
   163 | D        | Found a transporter.
   164 | D        | Found the +12 Vampire's Tooth {vamp}
   164 | D        | Reached **** piety under Vehumet
   174 | D        | Got the +8 trident of the Puffin {flame, rElec rPois}
   186 | D        | Entered arena 7.
   186 | D        | Noticed a naga mage
   186 | D        | Noticed a black mamba
   187 | D        | Identified the +4 scimitar of the Absolute Madman {holy,
                  | Int+4}
   187 | D        | Found a transporter.
   188 | D        | Reached ***** piety under Vehumet
   194 | D        | Killed a black mamba
   196 | D        | Killed a naga mage
   196 | D        | Reached skill level 10 in Evocations
   196 | D        | Reached XP level 10. HP: 33/50 MP: 28/28
   234 | D        | Learned a level 5 spell: Fireball
   240 | D        | Learned a level 5 spell: Bolt of Magma
   240 | D        | Entered arena 8.
   240 | D        | Noticed a spriggan rider
   240 | D        | Noticed a spriggan rider
   241 | D        | Identified the +7 long sword "Beetleslayer" {vamp, rElec
                  | rPois Dex-4 SInv}
   244 | D        | Reached skill level 15 in Fire Magic
   247 | D        | Reached ****** piety under Vehumet
   247 | D        | Reached skill level 15 in Conjurations
   248 | D        | Found a transporter.
   253 | D        | Reached skill level 5 in Dodging
   437 | D        | Entered arena 9.
   437 | D        | Noticed a sixfirhy
   439 | D        | Offered knowledge of Magic Dart by Vehumet.
   441 | D        | Killed a sixfirhy
   457 | D        | Found a transporter.
   483 | D        | Got the ring of the Lobster {rElec rF+}
   495 | D        | Entered arena 10.
   495 | D        | Noticed a spriggan rider
   496 | D        | Identified the +1 quick blade "Yddol" {drain, -Tele rC++
                  | Int+9}
   499 | D        | Killed a spriggan rider
   499 | D        | Reached XP level 11. HP: 49/54 MP: 30/30
   500 | D        | Found a transporter.
   545 | D        | Entered arena 11.
   545 | D        | Noticed a spriggan rider
   545 | D        | Noticed a spriggan rider
   545 | D        | Noticed a spriggan rider
   545 | D        | Noticed a spriggan rider
   548 | D        | Killed a spriggan rider
   549 | D        | Killed a spriggan rider
   553 | D        | Found a transporter.
   580 | D        | Got a faintly humming helmet
   581 | D        | Identified the -6 helmet "Jodimy" {*Slow rElec Str+5
                  | Stlth+} (You acquired it in the Dungeon)
   663 | D        | Entered arena 12.
   663 | D        | Noticed a vault guard
   663 | D        | Noticed a lich
   663 | D        | Noticed a lich
   663 | D        | Noticed a vault guard
   663 | D        | Noticed a vault guard
   663 | D        | Noticed a vault guard
   663 | D        | Noticed a vault guard
   664 | D        | Noticed a stone giant
   665 | D        | Offered knowledge of Ignite Poison by Vehumet.
   665 | D        | Killed a vault guard
   665 | D        | Reached skill level 1 in Armour
   665 | D        | Reached skill level 1 in Shields
   665 | D        | Noticed a vault guard
   666 | D        | Killed a lich
   666 | D        | Reached skill level 15 in Spellcasting
   667 | D        | Killed a vault guard
   668 | D        | Killed a vault guard
   668 | D        | Killed from afar by a lich

Levels and vault maps discovered:
D:        sprint_v [room_start, room_1, room_2, room_3, room_4, room_5, room_6,
          room_7, room_8, room_9, room_10, room_11, room_12, room_13, room_14,
          room_15, room_16, room_17, room_18, room_19, room_20, room_21,
          room_22, room_23, room_24, room_25, room_26, room_27]

Skill      XL: |  1  2  3  4  5  6  7  8  9 10 11 |
---------------+----------------------------------+-----
Spellcasting   | 5 7 8 10 11 12 13 15 | 15.2
Conjurations   | 5 8 9 10 11 13 14 16 17 | 17.6
Fire Magic     | 6 8 10 11 13 14 16 17 | 17.8
Evocations     | 4 5 7 8 10 11 12 | 12.0
Dodging        | 3 7 9 |  9.7
Armour         | 2 |  2.3
Shields        | 3 |  3.1
Stealth        | |  2.4

Action                   |  1- 3 |  4- 6 |  7- 9 | 10-12 || total
-------------------------+-------+-------+-------+-------++-------
Melee: Double sword      |     3 |     7 |    14 |    18 ||    42
       Lance             |       |       |       |    29 ||    29
       Rapier            |       |       |       |     1 ||     1
 Cast: Fireball          |       |       |       |    19 ||    19
Evoke: Wand              |       |       |    12 |     2 ||    14
       Lightning rod     |       |       |     1 |     1 ||     2
  Use: Potion            |     2 |     3 |     5 |     3 ||    13
       Scroll            |       |       |       |     2 ||     2
  Eat: Chunk             |       |       |       |     7 ||     7
Armor: Plate armour      |     2 |     1 |    12 |     5 ||    20
       Skin              |       |       |       |     2 ||     2
Dodge: Dodged            |       |     1 |     7 |     3 ||    11
Block: Shield            |     6 |     9 |    39 |    58 ||   112
       Rpst.: Double sword |       |       |     3 |       ||     3

Table legend:
 A = Non-vault XP
 B = Vault XP
 C = Vault XP percentage of total XP
 D = Non-vault monster count
 E = Vault monster count
 F = Vault count percentage of total count
                 A         B        C        D         E       F
            +---------+---------+-------+---------+---------+-------
      Total |    1844 |   18871 |  91.1 |       7 |      58 |  89.2
            +---------+---------+-------+---------+---------+-------
          D |    1844 |   18871 |  91.1 |       7 |      58 |  89.2
            +---------+---------+-------+---------+---------+-------
